 Dungeon Crawl Stone Soup version 0.29.0-13-gc9e81de378 (webtiles) character file.

Game seed: 3263612970681600522

23598 Mahakala the Zephyrmancer (level 12, -1/101 HPs)
             Began as a Demigod Air Elementalist on Sept 9, 2022.
             Slain by a large abomination (19 damage)
             ... in a Gauntlet.
             The game lasted 01:29:56 (25519 turns).

Mahakala the Zephyrmancer (DgAE)                   Turns: 25519, Time: 01:29:56

Health: -1/101     AC: 17    Str:  8    XL:     12   Next: 40%
Magic:  20/26      EV: 13    Int: 32    God:
Gold:   893        SH:  7    Dex: 15    Spells: 13/25 levels left

rFire   + . .      SeeInvis +   p - +9 lance "Wyrmbane" {slay drac, rPois rF+ rC+ AC+3}
rCold   + + .      Faith    .   T - +2 buckler
rNeg    + . .      Spirit   .   x - +0 acid dragon scales
rPois   +          Reflect  .   (no helmet)
rElec   .          Harm     .   M - +2 ratskin cloak {*Rats rPois rN+ Str-1 Int-1 Dex+1}
rCorr   +          Rampage  .   E - +2 pair of gloves
Will    +....      NoTele   +   K - +0 pair of boots
Stlth   ++........              f - amulet of the acrobat
HPRegen 0.26/turn               z - ring of see invisible
MPRegen 0.20/turn               Q - ring of protection from cold

@: no status effects
A: high MP 1, forlorn, divine attributes
a: no special abilities


You were in a Gauntlet.
You visited 3 branches of the dungeon, and saw 15 of its levels.
You also visited: Gauntlet.

You collected 893 gold pieces.

Inventory:

Hand Weapons
 p - the +9 lance "Wyrmbane" (weapon) {slay drac, rPois rF+ rC+ AC+3}
   (You took it off Maggie on level 7 of the Dungeon)

   It inflicts extra damage against dragons and draconians.
   AC:        It affects your AC (+3).
   rF:        It protects you from fire.
   rC:        It protects you from cold.
   rPois:     It protects you from poison.
 G - a +0 demon blade of electrocution
 P - a +3 whip of electrocution
Missiles
 k - a curare-tipped dart {!f}
 o - 28 poisoned darts
 N - 3 throwing nets {!f}
Armour
 x - +0 acid dragon scales (worn)
 B - a +2 robe of willpower
 E - a +2 pair of gloves (worn)
 K - a +0 pair of boots (worn)
 M - the +2 ratskin cloak (worn) {*Rats rPois rN+ Str-1 Int-1 Dex+1}
   (You found it on level 1 of the Lair of Beasts)

   When the wearer is hurt, rats may emerge from it to assist them.
   Str:       It affects your strength (-1).
   Int:       It affects your intelligence (-1).
   Dex:       It affects your dexterity (+1).
   rPois:     It protects you from poison.
   rN:        It protects you from negative energy.
 O - a +0 robe of the Archmagi
 T - a +2 buckler (worn)
Jewellery
 f - an amulet of the acrobat (around neck)
 z - a ring of see invisible (left hand)
 Q - a ring of protection from cold (right hand)
Wands
 t - a wand of flame (4)
 v - a wand of digging (5)
 A - a wand of quicksilver (14)
 D - a wand of mindburst (6)
Scrolls
 a - a scroll of blinking {unknown}
 c - a scroll of magic mapping {unknown}
 d - 2 scrolls of poison {!r}
 g - 8 scrolls of teleportation {@r4}
 h - 2 scrolls of torment {!r}
 i - 2 scrolls of summoning
 j - a scroll of enchant armour
 l - 5 scrolls of fear
 m - a scroll of enchant weapon
 u - a scroll of amnesia
 y - a scroll of vulnerability {unknown}
 C - a scroll of acquirement {unknown}
 F - 2 scrolls of immolation {!r}
 H - a scroll of brand weapon
Potions
 b - 2 potions of magic
 n - 3 potions of berserk rage
 q - 4 potions of haste {@q3}
 r - 4 potions of curing {@q1}
 s - 4 potions of flight
 w - 3 potions of heal wounds {@q2}
 I - a potion of invisibility {unknown}
 J - 3 potions of might
 L - 2 potions of attraction {!q}
 R - a potion of brilliance {unknown}
 S - 2 potions of mutation {unknown}


   Skills:
 - Level 8.1 Fighting
 - Level 4.0 Maces & Flails
 - Level 6.8 Polearms
 - Level 3.0 Armour
 - Level 6.0 Dodging
 - Level 3.0 Stealth
 - Level 4.0 Shields
 - Level 7.0 Spellcasting
 - Level 5.0 Conjurations
 + Level 3.1 Translocations
 - Level 11.0 Air Magic


You had 13 spell levels left.
You knew the following spells:

 Your Spells              Type           Power      Damage    Failure   Level
a - Shock                 Conj/Air       100%       1d9       1%          1
b - Static Discharge      Conj/Air       58%        3-11/arc  1%          2
c - Swiftness             Air            69%        N/A       1%          3
d - Airstrike             Air            34%        2d(5-21)  1%          4
e - Blink                 Tloc           62%        N/A       3%          2

Your spell library contained the following spells:

 Spells                   Type           Power      Damage    Failure   Level
 Magic Dart               Conj           100%       1d8       1%          1
 Searing Ray              Conj           86%        2d7       1%          2
 Ensorcelled Hibernation  Hex/Ice        22%        N/A       14%         2
 Passwall                 Tmut/Erth      9%         N/A       14%         2
 Corpse Rot               Necr/Pois/Air  34%        N/A       21%         4
 Call Canine Familiar     Summ           11%        N/A       26%         3
 Inner Flame              Hex/Fire       11%        N/A       26%         3
 Fulminant Prism          Conj/Hex       13%        3d9       32%         4
 Manifold Assault         Tloc           31%        N/A       56%         5
 Anguish                  Hex/Necr       5%         N/A       65%         4
 Cause Fear               Hex            5%         N/A       65%         4
 Dispel Undead            Necr           11%        3d9       65%         4
 Irradiate                Conj/Tmut      13%        3d16      65%         5
 Blade Hands              Tmut           5%         N/A       94%         5
 Death Channel            Necr           5%         N/A       100%        6
 Summon Cactus Giant      Summ           5%         N/A       100%        6
 Dragon Form              Tmut           5%         N/A       100%        7
 Enfeeble                 Hex            5%         N/A       100%        7
 Storm Form               Tmut/Air       23%        N/A       100%        7
 Discord                  Hex            5%         N/A       100%        8
 Dragon's Call            Summ           5%         N/A       100%        9


Dungeon Overview and Level Annotations

Branches:
Dungeon (11/15)            Temple (1/1) D:6            Lair (3/5) D:11
    Orc (0/2) D:10        Gauntlet (1/1)
  Swamp: Lair:2-3    Shoals: Lair:2-3     Snake: Lair:2-3    Spider: Lair:2-3

Shops:
D:9 *

Annotations:
D:6 3 runed translucent doors, Ofeo's ghost, novice MiFi; bwicke's ghost, novice KoAM Gauntlet 11 transporters


Innate Abilities, Weirdness & Mutations

You have an increased reservoir of magic. (+10% MP)
You shall have no god before yourself.
Your divine heritage dramatically boosts your attributes as you level up.


Message History

The small abomination is lightly damaged.
The small abomination is struck by an arc of lightning!
You destroy the small abomination!
The small abomination is struck by an arc of lightning.
The small abomination is moderately damaged.
The small abomination is struck by an arc of lightning.
The small abomination is lightly damaged.
You are struck by an arc of lightning.
The small abomination is struck by an arc of lightning!
The small abomination is heavily damaged.
The small abomination is struck by an arc of lightning!
The small abomination is heavily damaged.
The lightning grounds out.
The small abomination hits you! The large abomination hits you!!
* * * LOW HITPOINT WARNING * * *
The small abomination hits you!
* * * LOW HITPOINT WARNING * * *
Casting: Static Discharge (safe; 1% risk of failure)
Confirm with . or Enter, or press ? or * to list all spells.
The large abomination is struck by an arc of lightning!
The large abomination is severely damaged.
You are struck by an arc of lightning.
* * * LOW HITPOINT WARNING * * *
The small abomination is struck by an arc of lightning!
The small abomination is severely damaged.
You are struck by an arc of lightning.
* * * LOW HITPOINT WARNING * * *
The lightning grounds out.
The small abomination is struck by an arc of lightning.
The small abomination is heavily damaged.
You are struck by an arc of lightning.
* * * LOW HITPOINT WARNING * * *
The small abomination is struck by an arc of lightning!
You destroy the small abomination!
You are struck by an arc of lightning.
* * * LOW HITPOINT WARNING * * *
The small abomination is struck by an arc of lightning!
The small abomination is severely damaged.
The lightning grounds out.
The large abomination hits you!!
You die...

#[.#..#^.5#...#.#.#.#.#.#..###
#|#^.#^.54#...#.WWWW....#..#8#
###########...###########..###
............§§§...........§#
...........≈8§§.......∩...§###
............≈.............≈#8#
###########§..###########..###
#.......B.#...#..x.X....#..#
#.#^....#B#...#.@##.##..#..###
#..##.##..#####X#x.#..#x#..#8#
#".##.##..#...#?#..#©x#X#..###
#©.#.©^#..#©.©#©.#####..#©.#
#}.##.##..#...#|#..#..#x#..###
#|.##.##..#####=#..#..#x#..#8#
#.#^...^#.#...#..##.##..#..###
#.^.......#.8.#.x.....Xx#..#
###########...###########..###


You could see an entropy weaver, 2 large abominations, an ice devil, 2 small
abominations and 4 shadows.

Vanquished Creatures
  Snorg (D:10)
  A two-headed ogre (D:10)
  A tengu warrior (D:11)
  3 death yaks
  Pikel (D:7)
  An ugly thing (D:9)
  A manticore (D:11)
  5 elephants (Lair:1)
  Joseph (D:7)
  4 cane toads (Lair:1)
  An unseen horror (D:8)
  An efreet (D:11)
  A rime drake (Lair:2)
  Maggie (D:7)
  A troll (D:11)
  Grinder (D:5)
  6 blink frogs
  Sigmund (D:4)
  A wraith (D:11)
  2 wyverns
  A vampire (D:10)
  A shadow (D:9)
  30 yaks
  2 basilisks
  Menkaure (D:7)
  2 vampire mosquitoes (D:10)
  3 water moccasins
  3 black bears
  An ice beast (D:7)
  7 orc warriors
  6 ogres
  10 wolves
  4 centaurs
  3 lemures (D:7)
  4 kobold brigands
  7 bullfrogs
  4 scorpions
  3 small abominations (Gauntlet)
  3 necrophages
  2 gnoll sergeants
  20 wights
  11 killer bees
  A howler monkey (D:9)
  An electric eel (Lair:2)
  A hound (D:4)
  2 jellies
  4 gnoll boudas
  5 orc priests
  3 iguanas
  Ijyb (D:5)
  Natasha (thrice) (D:2)
  11 orc wizards
  2 hell rats
  7 adders
  32 gnolls
  2 river rats (D:11)
  A white imp (D:6)
  2 ufetubi
  2 worms
  39 orcs
  5 endoplasms
  5 giant cockroaches
  6 goblins
  4 hobgoblins
  3 jackals (D:4)
  4 quokkas
  3 ball pythons
  2 bats (D:1)
  4 frilled lizards
  15 kobolds
  8 rats
341 creatures vanquished.

Vanquished Creatures (others)
  An orc wizard (D:7)
  12 demonic plants (Gauntlet)
  12 fungi
  14 plants
  5 withered plants (D:6)
44 creatures vanquished.

Grand Total: 385 creatures vanquished

Notes
Turn   | Place    | Note
-------+----------+-------------------------------------------
     0 | D:1      | Mahakala the Demigod Air Elementalist began the quest for
                  | the Orb.
     0 | D:1      | Reached XP level 1. HP: 14/14 MP: 5/5
   331 | D:1      | Reached skill level 1 in Conjurations
   578 | D:1      | Reached skill level 3 in Air Magic
   956 | D:2      | Reached XP level 2. HP: 20/20 MP: 5/7
  1075 | D:2      | Noticed Natasha
  1077 | D:2      | Killed Natasha
  1078 | D:2      | Reached XP level 3. HP: 26/26 MP: 5/8
  1081 | D:2      | Learned a level 2 spell: Static Discharge
  1085 | D:2      | Learned a level 3 spell: Swiftness
  1515 | D:2      | Noticed Natasha
  1572 | D:2      | Killed Natasha
  1663 | D:2      | Noticed Natasha
  1733 | D:2      | Killed Natasha
  1734 | D:2      | Reached XP level 4. HP: 23/33 MP: 2/9
  2023 | D:2      | Reached skill level 4 in Air Magic
  3104 | D:3      | Reached XP level 5. HP: 38/38 MP: 6/10
  4044 | D:4      | Noticed Sigmund
  4232 | D:4      | Reached XP level 6. HP: 45/45 MP: 4/12
  4513 | D:4      | Reached skill level 5 in Air Magic
  5036 | D:4      | Reached skill level 1 in Maces & Flails
  5123 | D:4      | Reached skill level 1 in Fighting
  5276 | D:5      | Entered Level 5 of the Dungeon
  5342 | D:5      | Reached XP level 7. HP: 44/53 MP: 3/13
  5462 | D:5      | Noticed Grinder
  5474 | D:5      | Killed Grinder
  5576 | D:5      | Learned a level 4 spell: Airstrike
  5982 | D:5      | Noticed Ijyb
  5999 | D:5      | Killed Ijyb
  6408 | D:5      | Reached XP level 8. HP: 57/66 MP: 9/15
  7062 | D:6      | Reached skill level 6 in Air Magic
  7226 | D:6      | Found a staircase to the Ecumenical Temple.
  7245 | Temple   | Entered the Ecumenical Temple
  7865 | D:6      | Found a runed translucent gate.
  7866 | D:6      | Found a runed translucent gate.
  7866 | D:6      | Found a runed translucent gate.
  7869 | D:6      | Noticed Ofeo's ghost (novice MiFi)
  7869 | D:6      | Noticed bwicke's ghost (novice KoAM)
  8285 | D:7      | Noticed Maggie
  8539 | D:7      | Noticed Menkaure
  8765 | D:7      | Reached skill level 7 in Air Magic
  8766 | D:7      | Reached skill level 5 in Spellcasting
  8771 | D:7      | Reached XP level 9. HP: 67/71 MP: 6/20
  8797 | D:7      | Noticed Pikel
  8820 | D:7      | Killed Pikel
  8821 | D:7      | Reached skill level 8 in Air Magic
  9028 | D:7      | Killed Maggie
  9029 | D:7      | Reached skill level 9 in Air Magic
  9326 | D:7      | Noticed Joseph
  9357 | D:7      | Killed Joseph
  9358 | D:7      | Reached skill level 1 in Polearms
 10310 | D:7      | Reached skill level 5 in Fighting
 10843 | D:7      | Killed Menkaure
 11123 | D:4      | Killed Sigmund
 11124 | D:4      | Reached XP level 10. HP: 67/81 MP: 8/21
 11507 | D:8      | Got Dispater's Folio of Congregated Excavation
 11807 | D:8      | Reached skill level 5 in Conjurations
 12136 | D:8      | Reached skill level 1 in Armour
 13309 | D:9      | Noticed a purple ugly thing
 13316 | D:9      | Killed a purple ugly thing
 14600 | D:9      | Found Lasm's General Store.
 14874 | D:10     | Entered Level 10 of the Dungeon
 15145 | D:10     | Found a staircase to the Orcish Mines.
 15165 | D:10     | Noticed a two-headed ogre
 15169 | D:10     | Killed a two-headed ogre
 15170 | D:10     | Reached skill level 5 in Dodging
 15404 | D:10     | Noticed Snorg
 15413 | D:10     | Killed Snorg
 15413 | D:10     | HP: 4/83 [/static electricity (5)]
 15414 | D:10     | Reached XP level 11. HP: 5/89 MP: 0/25
 16437 | D:11     | Noticed a death yak
 16438 | D:11     | Noticed a death yak
 16492 | D:11     | Noticed a tengu warrior
 16496 | D:11     | Killed a tengu warrior
 16764 | D:11     | Found a staircase to the Lair.
 17341 | D:11     | Noticed a death yak
 17396 | D:11     | Killed a death yak
 17577 | D:9      | Reached skill level 10 in Air Magic
 18274 | D:11     | Found a staircase to the Lair.
 18372 | D:10     | Killed a death yak
 18701 | D:11     | Killed a death yak
 18862 | D:11     | Reached skill level 11 in Air Magic
 19169 | Lair:1   | Entered Level 1 of the Lair of Beasts
 19667 | Lair:1   | Reached skill level 5 in Polearms
 20998 | Lair:1   | Reached XP level 12. HP: 82/100 MP: 7/26
 21108 | Lair:1   | Found the +2 ratskin cloak {*Rats rPois rN+ Str-1 Int-1
                  | Dex+1}
 23032 | Lair:2   | Learned a level 2 spell: Blink
 23040 | Lair:2   | Identified the +6 trident of Wywusej {elec, Fragile rF+
                  | Str+6}
 23128 | Lair:2   | Reached skill level 1 in Shields
 23256 | Lair:2   | Reached skill level 1 in Translocations
 25106 | Lair:3   | Found a gate leading to a gauntlet.
 25234 | Gauntlet | Entered a Gauntlet
 25234 | Gauntlet | Found a transporter.
 25234 | Gauntlet | Found a transporter.
 25235 | Gauntlet | Found a transporter.
 25239 | Gauntlet | Found a transporter.
 25244 | Gauntlet | Found the ring of the Tortoise {AC+8}
 25249 | Gauntlet | Noticed an entropy weaver
 25263 | Gauntlet | Found a transporter.
 25326 | Gauntlet | Found a transporter.
 25342 | Gauntlet | Found a transporter.
 25351 | Gauntlet | Found a transporter.
 25364 | Gauntlet | Found a transporter.
 25379 | Gauntlet | Found a transporter.
 25385 | Gauntlet | Found a transporter.
 25410 | Gauntlet | Found a transporter.
 25519 | Gauntlet | Slain by a large abomination

Illustrated notes

Levels and vault maps discovered:
D:1:      nicolae_arrival_somewhat_less_tricky_arrival, layout_loops_ring,
          minmay_tromino_i2
D:2:      layout_loops_ring, hex_medium, uniq_natasha
D:3:      layout_rooms, eino_curves_01
D:4:      layout_gridville, uniq_sigmund
D:5:      layout_loops_ring, uniq_grinder, uniq_ijyb
D:6:      layout_loops_ring, nicolae_wu_jian_wuxing_cycle, temple_fountains,
          gammafunk_ghost_cemetery
D:7:      kennysheep_seaside_town, layout_basic, jmf_multi_god_temple,
          enter_bailey_2, uniq_maggie, uniq_pikel, uniq_menkaure, uniq_joseph
D:8:      layout_gridville
D:9:      layout_stronghold, serial_shops, nicolae_shop_stone,
          hangedman_corner_corridor
D:10:     layout_basic, grunt_temple_overflow_open, orc_0_dummy, uniq_snorg
D:11:     layout_irregular_city, dpeg_lair_monsters
Temple:   bh_familiar_temple
Lair:1:   layout_cellular_growth
Lair:2:   layout_gridlike, grunt_megastairs_3, serial_bayou_shore_b,
          infiniplex_staircase_pool
Lair:3:   nzn_winding_woodlands_large [nzn_winding_woodlands_5x5_default,
          nzn_winding_woodlands_5x15_twine, nzn_winding_woodlands_5x5_perimeter,
          nzn_winding_woodlands_center_triple_pond,
          nzn_winding_woodlands_15x15_eel_pit,
          nzn_winding_woodlands_center_lodge, nzn_winding_woodlands_hourglass,
          nzn_winding_woodlands_5x15_cabin,
          nzn_winding_woodlands_5x5_open_star], layout_regular_city,
          shoals_dummy_entry, minmay_snake_entry_guardpost_small,
          gauntlet_entry_generic
Gauntlet: gammafunk_gauntlet_shortcut [nicolae_gauntlet_arena_quarters,
          nicolae_gauntlet_arena_blocks, gammafunk_gauntlet_arena_grid,
          gammafunk_gauntlet_arena_split_x,
          gammafunk_gauntlet_arena_split_diamond,
          gammafunk_gauntlet_arena_arrow_garden,
          nicolae_gauntlet_exit_dead_adventurers]

Skill      XL: |  1  2  3  4  5  6  7  8  9 10 11 12 |
---------------+-------------------------------------+-----
Conjurations   | 1 2 3 4 5 |  5.0
Air Magic      | 3 4 5 7 9 11 | 11.0
Spellcasting   | 2 5 6 7 |  7.0
Dodging        | 2 3 5 6 |  6.0
Stealth        | 2 3 |  3.0
Maces & Flails | 2 4 |  4.0
Fighting       | 1 4 5 6 7 8 |  8.1
Polearms       | 3 4 6 |  6.8
Armour         | 3 |  3.0
Shields        | 4 |  4.0
Translocations | 3 |  3.1

Action                   |  1- 3 |  4- 6 |  7- 9 | 10-12 || total
-------------------------+-------+-------+-------+-------++-------
Melee: Short sword       |    12 |    15 |       |       ||    27
       Punch             |     1 |       |     1 |     2 ||     4
       Whip              |       |     3 |    17 |       ||    20
       Lance             |       |       |     7 |   124 ||   131
Throw: Dart              |       |     2 |       |       ||     2
 Cast: Shock             |    47 |   111 |   147 |   167 ||   472
       Static Discharge  |     1 |    29 |    61 |    56 ||   147
       Swiftness         |       |     1 |     1 |       ||     2
       Airstrike         |       |       |    14 |   201 ||   215
Evoke: Wand              |       |       |     3 |     1 ||     4
  Use: Scroll            |     1 |     2 |     5 |    10 ||    18
       Potion            |       |       |       |     1 ||     1
 Stab: Sleeping          |       |     1 |     1 |     1 ||     3
Armor: Robe              |     6 |       |       |    25 ||    31
       Leather armour    |       |     7 |    15 |       ||    22
       Acid dragon scale |       |       |    11 |    28 ||    39
Dodge: Dodged            |    21 |    36 |    51 |   116 ||   224
Block: Buckler           |       |       |       |     7 ||     7
